 Dungeon Crawl Stone Soup version 0.27-a0-1456-gf5a116941d (webtiles) character file.

Game seed: 7322799640104525399

208 Kinoniko the Cleaver (level 5, -1/45 HPs)
             Began as a Hill Orc Monk on July 6, 2021.
             Slain by Blork the orc (10 damage)
             ... on level 4 of the Dungeon.
             The game lasted 00:02:40 (2777 turns).

Kinoniko the Cleaver (Hill Orc Monk)                Turns: 2777, Time: 00:02:41

Health: -1/45      AC:  8    Str: 15    XL:     5   Next: 86%
Magic:  5/5        EV: 11    Int: 10    God:
Gold:   77         SH:  0    Dex: 13    Spells: 4/4 levels left

rFire    . . .     SeeInvis .   a - +0 hand axe (flame)
rCold    . . .     Faith    .   (no shield)
rNeg     . . .     Spirit   .   h - +0 ring mail
rPois    .         Reflect  .   (no helmet)
rElec    .         Harm     .   (no cloak)
rCorr    .         Rampage  .   (no gloves)
Will     .....                  l - +2 pair of boots
Stlth    +.........             (no amulet)
HPRegen  0.15/turn              (no ring)
MPRegen  0.09/turn              (no ring)

@: no status effects
A: no striking features
a: no special abilities


You were on level 4 of the Dungeon.
You visited 1 branch of the dungeon, and saw 4 of its levels.

You collected 77 gold pieces.

Inventory:

Hand Weapons
 a - a +0 hand axe of flaming (weapon)
Armour
 b - a +0 robe
 h - a +0 ring mail (worn)
 l - a +2 pair of boots (worn)
Wands
 i - a wand of paralysis (5)
Scrolls
 c - a scroll of fear
 e - a scroll of teleportation {unknown}
 f - a scroll of vulnerability
 k - a scroll of amnesia
 n - a scroll of brand weapon
Potions
 g - a potion of resistance


   Skills:
 - Level 3.6 Fighting
 * Level 8.4 Axes
 - Level 2.4 Dodging
 - Level 1.5 Stealth


You had 4 spell levels left.
You didn't know any spells.
Your spell library contained the following spells:

 Spells                   Type           Power      Damage    Failure   Level
 Inner Flame              Hex/Fire       0%         N/A       92%         3
 Summon Guardian Golem    Hex/Summ       0%         N/A       92%         3
 Cause Fear               Hex            0%         N/A       100%        4
 Orb of Destruction       Conj           0%         N/A       100%        7
 Spellforged Servitor     Conj/Summ      0%         N/A       100%        7
 Discord                  Hex            0%         N/A       100%        8


Dungeon Overview and Level Annotations

Branches:
Dungeon (4/15)
 Temple: D:4-7

Altars:

Annotations:
D:4 Blork the orc


Message History

You are too injured to fight recklessly!
You are too injured to fight recklessly!
You are too injured to fight recklessly!
You are too injured to fight recklessly!
You are too injured to fight recklessly!
Unknown command.
Unknown command.
You barely miss the ogre.
The ogre is heavily wounded.
You hit Blork the orc but do no damage.
Blork the orc looks angry.
Blork the orc hits you with a +0 mace of holy wrath.
* * * LOW HITPOINT WARNING * * *
You barely miss the ogre.
The ogre is heavily wounded.
You hit Blork the orc. You burn Blork the orc. The ogre closely misses you.
Blork the orc drinks a potion.
Blork the orc seems to grow stronger.
Unknown command.
You hit the ogre. You burn the ogre.
The ogre is heavily wounded.
You barely miss Blork the orc. The ogre barely misses you.
Blork the orc closely misses you.
Unknown command.
You hit the ogre. You burn the ogre.
The ogre is almost dead.
You closely miss Blork the orc. The ogre closely misses you.
Unknown command.
You hit the ogre. You burn the ogre.
The ogre is almost dead.
You hit Blork the orc. You burn Blork the orc.
Blork the orc gestures wildly while chanting.
Blork the orc seems to speed up.
Unknown command.
You hit the ogre. You burn the ogre.
You kill the ogre!
You barely miss Blork the orc.
Blork the orc gestures at you while chanting.
The puff of frost misses you.
Blork the orc hits you with a +0 mace of holy wrath!
You die...

#. ##..# .# ##... .
#. ###..## .### .###
#...## .!.##....##
#.### ###...###..#
###.# ..#......#
#.###...#
....$.o..###..##.###
#..K)@.)..#....#
##.#####.....###
#..###.....# #.##
####...# #. .... ..
### ... .#.# ..#$


You could see Blork the orc (fast, strong) and a kobold.

Vanquished Creatures
  An ogre (D:4)
  An orc priest (D:3)
  A jelly (D:4)
  Ijyb (D:3)
  6 adders
  A worm (D:3)
  3 dart slugs
  6 orcs (D:3)
  An endoplasm (D:1)
  5 giant cockroaches
  2 goblins (D:1)
  5 hobgoblins
  3 quokkas
  5 ball pythons
  6 bats
  A frilled lizard (D:1)
  6 kobolds
  7 rats
61 creatures vanquished.

Vanquished Creatures (others)
  A fungus (D:3)
1 creature vanquished.

Grand Total: 62 creatures vanquished

Notes
Turn   | Place    | Note
-------+----------+-------------------------------------------
     0 | D:1      | Kinoniko the Hill Orc Monk began the quest for the Orb.
     0 | D:1      | Reached XP level 1. HP: 19/19 MP: 1/1
   252 | D:1      | Reached XP level 2. HP: 22/26 MP: 2/2
   308 | D:1      | Reached skill level 5 in Axes
   889 | D:2      | Reached XP level 3. HP: 31/31 MP: 3/3
  1043 | D:2      | Reached skill level 6 in Axes
  1280 | D:2      | Found a faded altar of an unknown god.
  1398 | D:2      | Reached XP level 4. HP: 31/39 MP: 4/4
  1673 | D:3      | Reached skill level 7 in Axes
  1967 | D:3      | Reached XP level 5. HP: 45/45 MP: 5/5
  2189 | D:3      | Noticed Ijyb
  2202 | D:3      | Killed Ijyb
  2203 | D:3      | Reached skill level 8 in Axes
  2764 | D:4      | Noticed an ogre
  2765 | D:4      | Noticed Blork the orc
  2777 | D:4      | Killed an ogre
  2777 | D:4      | Slain by Blork the orc

Illustrated notes

Levels and vault maps discovered:
D:1:      grunt_arrival_crossed_arrows, layout_loops_cross, minmay_cupped
D:2:      layout_basic, basic_ecumenical_altar
D:3:      layout_rooms, minmay_shallow_snake_nest, uniq_ijyb
D:4:      layout_rooms, enter_ossuary_2, minmay_goblin_kobold_house,
          uniq_blork_the_orc

Skill      XL: |  1  2  3  4  5 |
---------------+----------------+-----
Axes           | 5 6 7 8 |  8.4
Fighting       | |  3.6
Dodging        | |  2.4
Stealth        | |  1.5

Action                   |  1- 3 |  4- 6 || total
-------------------------+-------+-------++-------
Melee: Hand axe          |   108 |    94 ||   202
  Use: Potion            |       |     5 ||     5
       Scroll            |       |     6 ||     6
 Stab: Sleeping          |       |     1 ||     1
Armor: Robe              |     5 |       ||     5
       Ring mail         |    39 |    36 ||    75
Dodge: Dodged            |    74 |    50 ||   124

Table legend: (Time is in decaauts)
 A = Elapsed time spent in this place.
 B = Non-inter-level travel time spent in this place.
 C = Inter-level travel time spent in this place.
 D = Time resting spent in this place.
 E = Time spent auto-exploring this place.
 F = Levels seen in this place.
 G = Mean time per level.
                   A        B        C        D        E       F      G
               +--------+--------+--------+--------+--------+-----+--------+
         Total |   2773 |   2715 |     58 |    461 |   1860 |   4 |  693.2 |
       Dungeon |   2773 |   2715 |     58 |    461 |   1860 |   4 |  693.2 |
               +--------+--------+--------+--------+--------+-----+--------+

Top non-repeatable levels by time:
     D:3: 939 daAuts
     D:1: 808 daAuts
     D:2: 753 daAuts
     D:4: 272 daAuts
